 Seeded DCSS version 0.30-a0-965-g42e074c17a (webtiles) character file.

Game seed: 20230327 (custom seed)

2332 GigaChad the Cleaver (level 9, -3/77 HPs)
             Began as a Minotaur Fighter on Mar 31, 2023.
             Was an Initiate of Gozag.
             Killed from afar by an electric eel (4 damage)
             ... with a bolt of electricity
             ... on level 6 of the Dungeon.
             The game lasted 00:10:30 (4511 turns).

GigaChad the Cleaver (Minotaur Fighter)             Turns: 4511, Time: 00:10:31

Health: -3/77      AC: 29    Str: 25    XL:     9   Next: 19%
Magic:  8/8        EV:  9    Int:  5    God:    Gozag
Gold:   395        SH:  5    Dex: 10    Spells: 8/8 levels left

rFire   . . .      SeeInvis .    a - +0 war axe
rCold   . . .      Faith    .    c - +0 buckler
rNeg    . . .      Spirit   .    u - +18 Lear's hauberk
rPois   .          Reflect  .    (helmet currently unavailable)
rElec   .          Rampage  .    (no cloak)
rCorr   .                        (gloves currently unavailable)
Will    .....                    (boots currently unavailable) Stlth
                                 (no amulet)
HPRegen 0.32/turn                (no ring)
MPRegen 0.11/turn                (no ring)

@: gold aura
A: horns 2, retaliatory headbutt
a: Renounce Religion, Potion Petition, Call Merchant, Bribe Branch


You were on level 6 of the Dungeon.
You worshipped Gozag.
Gozag was aware of your devotion.
You visited 2 branches of the dungeon, and saw 7 of its levels.

You collected 453 gold pieces.
You paid 58 gold pieces to Gozag.

Inventory:

Hand Weapons
 a - a +0 war axe (weapon)
Armour
 b - a +0 scale mail
 c - a +0 buckler (worn)
 u - the +18 Lear's hauberk (worn)
   (You found it on level 4 of the Dungeon)
Jewellery
 j - a ring of fire
Wands
 y - a wand of flame (6)
Scrolls
 f - 3 scrolls of poison
 h - 4 scrolls of enchant armour
 k - 2 scrolls of immolation
 l - 2 scrolls of blinking {unknown}
 p - 2 scrolls of fog {unknown}
 q - 3 scrolls of magic mapping {unknown}
 t - a scroll of torment {unknown}
 w - a scroll of amnesia {unknown}
 x - a scroll of identify
 B - a scroll of fear {unknown}
 C - a scroll of teleportation {unknown}
Potions
 d - a potion of might
 e - 3 potions of curing
 g - a potion of invisibility {unknown}
 i - 2 potions of degeneration {unknown}
 m - a potion of flight {unknown}
 n - 3 potions of brilliance
 o - 2 potions of lignification {unknown}
 r - 2 potions of heal wounds {unknown}
 s - 3 potions of berserk rage {unknown}
 v - a potion of ambrosia {unknown}
 z - a potion of mutation {unknown}
 A - 2 potions of attraction {unknown}


   Skills:
 + Level 6.3 Fighting
 + Level 9.7 Axes
 + Level 8.8 Armour
 + Level 3.2 Dodging
 + Level 1.2 Stealth
 + Level 5.5 Shields


You had 8 spell levels left.
You didn't know any spells.
Your spell library contained the following spells:

 Spells                   Type           Power      Damage    Failure   Level
 Sting                    Tmut/Pois      0%         1d3       98%         1
 Poisonous Vapours        Pois/Air       0%         N/A       99%         2
 Olgreb's Toxic Radiance  Pois           0%         N/A       100%        4
 Borgnjor's Revivificati  Necr           0%         N/A       100%        8
 Necromutation            Tmut/Necr      0%         N/A       100%        8
 Death's Door             Necr           0%         N/A       100%        9


Dungeon Overview and Level Annotations

Branches:
Dungeon (6/15)             Temple (1/1) D:5

Altars:
Cheibriados
Dithmenos
Elyvilon
Fedhas
Gozag
Makhleb
Qazlal
Ru
Sif Muna
Trog
Xom

Shops:
D:1 *=:*=


Innate Abilities, Weirdness & Mutations

You have a pair of horns on your head.
You reflexively headbutt those who attack you in melee.


Message History

The bolt of electricity hits you.
The electric eel shoots out a bolt of lightning at you!
The bolt of electricity hits you but does no damage.
You hit the electric eel.
The electric eel is heavily wounded.
The electric eel shoots out a bolt of lightning at you!
The bolt of electricity hits you!
* * * LOW HITPOINT WARNING * * *
You miss the electric eel.
The electric eel is heavily wounded.
You barely miss the electric eel.
The electric eel shoots out a bolt of lightning at you!
The bolt of electricity hits you.
* * * LOW HITPOINT WARNING * * *
You miss the electric eel.
The electric eel is heavily wounded.
You slash the electric eel!
The electric eel shoots out a bolt of lightning at you!
The bolt of electricity hits you but does no damage.
You slash the electric eel!
You kill the electric eel!
You now have 395 gold pieces (gained 4).
You hit the electric eel.
The electric eel shoots out a bolt of lightning at you!
The bolt of electricity hits you.
* * * LOW HITPOINT WARNING * * *
The electric eel shoots out a bolt of lightning at you!
The bolt of electricity hits you!
* * * LOW HITPOINT WARNING * * *
You see here a lumpy ruby potion.
You miss the electric eel. Your headbutt misses the electric eel.
The electric eel is almost dead.
The electric eel is distracted by your dazzling golden aura.
You miss the electric eel.
The electric eel is no longer distracted by gold.
The electric eel is almost dead.
The electric eel shoots out a bolt of lightning at you!
The bolt of electricity hits you.
You die...
Your body crumbles into a pile of gold.

#~## .P[)≈##.# #..[....... #~#
.PP~≈≈#.# #.......... #~#
..~.~S#.# #.......... #.#+
.P..≈≈#.# #.......... #..#
.P.)≈##~## #..........
##.##########~###..........
#~~##..~.$≈##~##..........
##~#...~..≈≈#~##..........
#~#....~@S≈#.#..##'######
#.#'..~.)≈≈#.#..#........
#..#...~?≈##'#..#........
###.########.....#.......>
#######.###............#...###+#
#>............<........#...#....
#......##+########.....#...#....
##......'.........#.....#...#....
.#......#........^#.....#...#....


You could see an electric eel.

Vanquished Creatures
  Pikel (D:4)
  Sigmund (D:5)
  Eustachio (D:4)
  Menkaure (D:5)
  Duvessa (D:4)
  An ice beast (D:6)
  A centaur (D:5)
  An ogre (D:4)
  A lemure (D:4)
  A phantom (D:5)
  Blork the orc (D:5)
  2 bullfrogs (D:6)
  3 scorpions
  Dowan (D:4)
  2 electric eels (D:6)
  A howler monkey (D:6)
  A hound (D:5)
  3 jellies
  2 orc priests (D:6)
  2 iguanas
  An orc wizard (D:6)
  Natasha (thrice) (D:4)
  A mummy (D:4)
  8 adders
  3 white imps
  A worm (D:2)
  2 dart slugs
  3 orcs
  4 ball pythons
  6 bats
  4 endoplasms
  5 giant cockroaches
  9 goblins
  6 hobgoblins
  2 jackals (D:2)
  2 quokkas
  3 frilled lizards
  6 kobolds
  4 rats
101 creatures vanquished.

Vanquished Creatures (others)
  2 plants (D:6)
2 creatures vanquished.

Grand Total: 103 creatures vanquished

Notes
Turn   | Place    | Note
-------+----------+-------------------------------------------
     0 | D:1      | GigaChad the Minotaur Fighter began the quest for the Orb.
     0 | D:1      | Reached XP level 1. HP: 19/19 MP: 0/0
     4 | D:1      | Found Xoclunid's Book Emporium.
    30 | D:1      | Found Aqium's General Store.
   106 | D:1      | Found Wostryiz's General Store.
   185 | D:1      | Reached XP level 2. HP: 27/27 MP: 1/1
   227 | D:1      | Found a faded altar of an unknown god.
   302 | D:1      | Found Muif's Jewellery Shop.
   557 | D:1      | Found Uvvotic's Jewellery Boutique.
   572 | D:1      | Reached skill level 3 in Axes
   577 | D:1      | Reached XP level 3. HP: 25/33 MP: 2/2
  1025 | D:2      | Found a white marble altar of Elyvilon.
  1854 | D:3      | Reached XP level 4. HP: 39/40 MP: 3/3
  2125 | D:4      | Found the +18 Lear's hauberk
  2176 | D:4      | Found a sand-covered staircase.
  2325 | D:4      | Noticed Eustachio
  2360 | D:4      | Killed Eustachio
  2361 | D:4      | Reached skill level 4 in Axes
  2361 | D:4      | Reached skill level 5 in Armour
  2361 | D:4      | Reached skill level 1 in Dodging
  2361 | D:4      | Reached XP level 5. HP: 36/47 MP: 4/4
  2370 | D:4      | Noticed Natasha
  2383 | D:4      | Killed Natasha
  2384 | D:4      | Reached XP level 6. HP: 40/53 MP: 5/5
  2416 | D:4      | Reached skill level 5 in Axes
  2505 | D:4      | Noticed a fire elemental
  2507 | D:4      | Found a stormy altar of Qazlal.
  2507 | D:4      | Noticed Pikel
  2525 | D:4      | Killed Pikel
  2526 | D:4      | Reached skill level 5 in Fighting
  2526 | D:4      | Reached skill level 6 in Axes
  2526 | D:4      | Reached XP level 7. HP: 26/61 MP: 6/6
  2663 | D:4      | Noticed an air elemental
  2663 | D:4      | Noticed a water elemental
  2721 | D:4      | Reached skill level 7 in Axes
  2826 | D:4      | Noticed Natasha
  2830 | D:4      | Killed Natasha
  2944 | D:4      | Noticed Duvessa
  2944 | D:4      | Noticed Dowan
  2958 | D:4      | Killed Duvessa
  2959 | D:4      | Reached XP level 8. HP: 68/68 MP: 7/7
  2966 | D:4      | Killed Dowan
  3018 | D:4      | Noticed Natasha
  3025 | D:4      | Killed Natasha
  3136 | D:5      | Entered Level 5 of the Dungeon
  3172 | D:5      | Noticed Menkaure
  3178 | D:5      | Killed Menkaure
  3179 | D:5      | Reached skill level 1 in Stealth
  3179 | D:5      | Reached skill level 5 in Shields
  3179 | D:5      | Found a staircase to the Ecumenical Temple.
  3197 | Temple   | Entered the Ecumenical Temple
  3385 | Temple   | Became a worshipper of Gozag Ym Sagoz the Greedy
  3433 | D:5      | Reached skill level 8 in Axes
  3536 | D:5      | Noticed Sigmund
  3574 | D:5      | Killed Sigmund
  3603 | D:5      | Noticed Blork the orc
  3615 | D:5      | Killed Blork the orc
  3748 | D:5      | Found a shimmering altar of Xom.
  3748 | D:5      | Found a shimmering altar of Xom.
  3749 | D:5      | Found a shimmering altar of Xom.
  3794 | D:5      | Reached skill level 9 in Axes
  4038 | D:6      | Reached XP level 9. HP: 66/75 MP: 8/8
  4226 | D:6      | Identified the +0 flail "Jellybane" {holy, rElec rF+ Str-4
                  | Stlth+}
  4509 | D:6      | HP: 1/77 [electric eel/bolt of electricity (8)]
  4511 | D:6      | Killed from afar by an electric eel

Illustrated notes

Levels and vault maps discovered:
D:1:      doesnt_arrival_eight_statues, layout_basic, serial_shops,
          nicolae_shop_advertising_works [nicolae_subvault_shop_adworks], shop,
          nicolae_lakefront_shop, shop, shop,
          shapermc_ecumenical_altar_notcrosses
D:2:      minmay_spotlight, layout_basic, basic_altar
D:3:      layout_loops_cross, st_stairs_7
D:4:      layout_basic, nicolae_qazlal_style_of_elements,
          gup_ossuary_entry_pyramid, uniq_eustachio, uniq_natasha, uniq_pikel,
          uniq_duvessa
D:5:      layout_rooms, xom_redecorated, minmay_temple_entry_mini_moons,
          uniq_sigmund, uniq_menkaure, uniq_blork_the_orc
D:6:      cheibrodos_two_vegetables, layout_gridville
Temple:   oiseaux_autumnal_temple

Skill      XL: |  1  2  3  4  5  6  7  8 |
---------------+-------------------------+-----
Armour         | 4 5 6 7 8 |  8.8
Fighting       | 4 5 6 |  6.3
Axes           | 3 4 6 7 9 |  9.7
Shields        | 4 5 |  5.5
Dodging        | 1 2 3 |  3.2
Stealth        | 1 |  1.2

Action                     |  1- 3 |  4- 6 |  7- 9 || total
---------------------------+-------+-------+-------++-------
  Melee: War axe           |   109 |    84 |   153 ||   346
         Headbutt          |     8 |    12 |    22 ||    42
    Use: Scroll            |     3 |       |     1 ||     4
 Armour: Scale mail        |    50 |     7 |       ||    57
         Chain mail        |       |    58 |   119 ||   177
  Dodge: Dodged            |    37 |    36 |    39 ||   112
  Block: Buckler           |    32 |    20 |    28 ||    80

Table legend: (Time is in decaauts)
 A = Elapsed time spent in this place.
 B = Non-inter-level travel time spent in this place.
 C = Inter-level travel time spent in this place.
 D = Time resting spent in this place.
 E = Time spent auto-exploring this place.
 F = Levels seen in this place.
 G = Mean time per level.
                   A        B        C        D        E       F      G
               +--------+--------+--------+--------+--------+-----+--------+
         Total |   4608 |   4478 |    130 |    395 |   2990 |   7 |  658.3 |
       Dungeon |   4382 |   4287 |     95 |    272 |   2990 |   6 |  730.3 |
        Temple |    225 |    190 |     35 |    123 |      0 |   1 |  225.0 |
               +--------+--------+--------+--------+--------+-----+--------+

Top non-repeatable levels by time:
     D:4: 1040 daAuts
     D:1: 946 daAuts
     D:6: 642 daAuts
     D:2: 636 daAuts
     D:3: 586 daAuts
     D:5: 530 daAuts
  Temple: 225 daAuts
